[Event "*** Titled Tuesday 3|2 Blitz"]
[Site "Chess.com"]
[Date "2015.10.06"]
[Round "3"]
[White "SenseiJulio"]
[Black "jefferyx"]
[Result "1-0"]
[WhiteElo "2567"]
[BlackElo "2532"]
[TimeControl "180+2"]
[EndTime "11:36:51 PDT"]
[Termination "SenseiJulio won by resignation"]

1. Nf3 c5 2. e3 Nf6 3. d4 cxd4 4. exd4 d5 5. c4 e6 6. Nc3 Bb4 7. Bd3 dxc4 8. Bxc4 O-O 9. O-O b6 10. Bg5 Bb7 11.
Ne5 Be7 12. Re1 Nbd7 13. Nxf7 Rxf7 14. Bxe6 Qf8 15. Qb3 Re8 16. Nb5 h6 17. Bxf6 Nxf6 18. Nc7 Rc8 19. Bxf7+ Qxf7 20. Rxe7 Qxb3 21. axb3 Kf8 22.
Rae1 Be4 23. R7xe4 Nxe4 24. Ne6+ Kf7 25. d5 Rc2 26. f3 Nd6 27. Nd8+ Kf8 28. Re6 Nb5 29.
Nc6 Rxb2 30. Re3 Rd2 31. Ne7 a5 32. h4 Nc7 33. Re5 b5 34. h5 a4 35. bxa4 bxa4 36. Ng6+ Kg8 37. Rf5 1-0

[Event "*** Titled Tuesday 3|2 Blitz"]
[Site "Chess.com"]
[Date "2015.10.06"]
[Round "3"]
[White "Boryboy"]
[Black "AndreyOstrovskiy"]
[Result "1-0"]
[WhiteElo "2490"]
[BlackElo "2373"]
[TimeControl "180+2"]
[EndTime "11:36:59 PDT"]
[Termination "Boryboy won by resignation"]

1. d4 Nf6 2. c4 e6 3. g3 d5 4. Nf3 Bb4+ 5. Bd2 Be7 6. Bg2 O-O 7. O-O c6 8. Qc2 b6 9. Rd1 Ba6 10. b3 Nbd7 11. a4 Rc8 12. a5 c5 13. axb6 Qxb6 14.
Qa2 Bb7 15. Ba5 Qa6 16. Ne5 dxc4 17. Bxb7 Qxb7 18. bxc4 cxd4 19. Nxd7 Nxd7 20. Rxd4 Bf6 21. Bc3 Bxd4 22. Bxd4 e5 23. Be3 Nf6 24. Nd2 Ng4 25. Qxa7 Qc6 26. Qb6 Nxe3 27. Qxe3 f6 28. Rc1 Rfd8 29. c5 Rd4 30. Nb3 Rd5 31. Qc3 Qb5 32. Qc2 Rd7 33. Kf1 Rb7 34. Nd2 Kh8 35. Ne4 Qb2 36. Nd6 Qxc2 37. Rxc2 Rb1+ 38. Kg2 Rc7 39. g4 h6 40. h4 Rd1 41. Ne4 h5 42. gxh5 Rc6 43.
f3 Kh7 44. Ra2 Rd8 45. Ra7 Kh6 46. Ng3 Rxc5 47. Nf5+ Kh7 48. Rxg7+ Kh8 49. Rf7 Rg8+ 50. Kf2 Rc6 51. Ne7 Re6 52. Ng6+ 1-0

[Event "*** Titled Tuesday 3|2 Blitz"]
[Site "Chess.com"]
[Date "2015.10.06"]
[Round "3"]
[White "Iball95"]
[Black "chessloveyou"]
[Result "1-0"]
[WhiteElo "2359"]
[BlackElo "2180"]
[TimeControl "180+2"]
[EndTime "11:37:01 PDT"]
[Termination "Iball95 won by checkmate"]

1. e4 c6 2. d4 d5 3. exd5 cxd5 4. c4 Nf6 5. Nc3 Nc6 6. Nf3 e6 7. c5 Be7 8. a3 Ne4 9. Bd3 Nxc3 10. bxc3 b6 11. cxb6 axb6 12. O-O O-O 13. Re1 Ba6 14. Bb1 Bc4 15. Bf4 Bf6 16. Re3 Qe7 17. h4 Rxa3 18.
Rxa3 Qxa3 19. Ng5 Bxg5 20. hxg5 Qb3 21. Bxh7+ Kxh7 22. Qh5+ Kg8 23. Rh3 Qb1+ 24. Kh2 f6 25.
g6 Qxg6 26. Qxg6 Ne7 27. Qh7+ Kf7 28. Bd6 Re8 29. Bxe7 Rxe7 30. Rg3 Ke8 31. Rxg7 Rxg7 32. Qxg7 f5 33. Qe5 b5 34. Qxe6+ Kd8 35. Qxf5 Kc7 36. Qf8 Kb6 37. Qc5+ Ka5 38. g4 Ka4 39. Qb4# 1-0

[Event "*** Titled Tuesday 3|2 Blitz"]
[Site "Chess.com"]
[Date "2015.10.06"]
[Round "3"]
[White "gmsakk"]
[Black "Quinten94"]
[Result "0-1"]
[WhiteElo "2471"]
[BlackElo "2329"]
[TimeControl "180+2"]
[EndTime "11:37:06 PDT"]
[Termination "Quinten94 won by resignation"]

1. d4 Nf6 2. c4 e6 3. Nc3 Bb4 4. Nf3 b6 5. Qc2 Bb7 6. a3 Bxc3+ 7. Qxc3 d6 8. Bg5 h6 9. Bh4 g5 10. Bg3 Ne4 11. Qc2 Nd7 12. e3 h5 13. h4 Nxg3 14. fxg3 g4 15. Ng5 Qe7 16. Bd3 O-O-O 17. O-O f6 18. Ne4 d5 19. Nc3 Qd6 20. Qf2 Kb8 21.
Rac1 a6 22. cxd5 exd5 23. Ne2 Rde8 24. Nf4 Nf8 25. Rc3 Rh6 26. b4 Ne6 27. Ng6 Nf8 28. Nxf8 Rxf8 29. Rfc1 Rf7 30. Kh2 Re7 31. Bf5 Rh8 32. Qd2 Rhe8 33. Bg6 Rh8 34. Rb3 Rg8 35. Bf5 Bc6 36. Rbc3 Bb7 37. Qc2 Rge8 38. Qf2 Rg8 39. Bc2 Rge8 40. Bg6 Rh8 41. Qf5 Rh6 42. Bxh5 Bc8 43.
Qf1 Rxh5 44. Rc6 Rxh4+ 45. Kg1 Qxg3 46. Qxf6 Qxe3+ 0-1

[Event "*** Titled Tuesday 3|2 Blitz"]
[Site "Chess.com"]
[Date "2015.10.06"]
[Round "3"]
[White "MinhGTrAn"]
[Black "jbj"]
[Result "1-0"]
[WhiteElo "2568"]
[BlackElo "2270"]
[TimeControl "180+2"]
[EndTime "11:37:11 PDT"]
[Termination "MinhGTrAn won on time"]

1. d4 Nf6 2. Bg5 d5 3. Bxf6 exf6 4. e3 Bd6 5. Nd2 c6 6. g3 f5 7. Bg2 Nd7 8. Ne2 Nf6 9. O-O O-O 10. c4 Ne4 11. cxd5 cxd5 12. Nc3 Be6 13. Nf3 Rc8 14. Qb3 Nxc3 15. bxc3 b6 16. Nd2 Be7 17. Rfc1 Qd7 18. c4 dxc4 19. Nxc4 b5 20. Ne5 Rxc1+ 21. Rxc1 Bxb3 22.
Nxd7 Rd8 23. axb3 Rxd7 24. Rc8+ Rd8 25. Rc7 Bf8 26. Rxa7 b4 27. Bf1 Re8 28. Bc4 Re7 29. Ra8 Rd7 30. Kf1 g6 31. Ke2 Kg7 32. Kd3 Be7 33. h3 h5 34. Ra1 h4 35. g4 fxg4 36. hxg4 f5 37. gxf5 gxf5 38. Be6 Rc7 39. Bxf5 Rc3+ 40.
Ke4 Rxb3 41. Rg1+ Kf6 42. Rg6+ Kf7 43. Rb6 Rb2 44. f4 Rd2 45. Ke5 Re2 46. e4 Re3 47. Be6+ 1-0

[Event "*** Titled Tuesday 3|2 Blitz"]
[Site "Chess.com"]
[Date "2015.10.06"]
[Round "3"]
[White "Chesster_30"]
[Black "WilliamRDavis"]
[Result "1-0"]
[WhiteElo "1730"]
[BlackElo "1874"]
[TimeControl "180+2"]
[EndTime "11:37:14 PDT"]
[Termination "Chesster_30 won by checkmate"]

1. e4 c5 2. Nf3 Nc6 3. Bb5 d6 4. O-O Bd7 5. Re1 Nf6 6. c3 e6 7.
d4 cxd4 8. cxd4 Be7 9. Nc3 O-O 10.
h3 a6 11. Ba4 b5 12. Bc2 Rc8 13. a3 e5 14. d5 Na5 15. Nd2 Re8 16. b4 Rxc3 17.
bxa5 Qxa5 18. Nf1 Rec8 19. Bd2 Qc7 20. Bxc3 Qxc3 21. Ne3 Bf8 22. Qd3 Qa5 23. a4 bxa4 24.
Qa3 Rc3 25. Qa2 Bb5 26. Reb1 Qc7 27. Bxa4 Nxe4 28. Bxb5 axb5 29. Rxb5 Rc1+ 30. Kh2 Rxa1 31. Qxa1 Nxf2 32. Rb4 Nd3 33. Rg4 f5 34. Nxf5 h5 35. Rg3 Nf4 36. Qf1 Kh7 37. Qb1 g6 38. Nh4 Qf7 39.
Qf1 Be7 40. Nf3 Qxd5 41. Ng5+ Kh6 42. h4 Bxg5 43. hxg5+ Kg7 44. Qa1 Qf7 45. Rf3 h4 46. Qe1 Qe6 47. Qxh4 d5 48. Qh6+ Kf7 49. Qh7+ Ke8 50.
Qh8+ Kd7 51. Qg7+ Kd6 52. Qf8+ Kd7 53. Qg7+ Kd6 54. Qf8+ Kd7 55. Rb3 Qd6 56. Rb7+ Ke6 57.
Qf7# 1-0

[Event "*** Titled Tuesday 3|2 Blitz"]
[Site "Chess.com"]
[Date "2015.10.06"]
[Round "3"]
[White "Saitama_Hero"]
[Black "Jahonas"]
[Result "0-1"]
[WhiteElo "2125"]
[BlackElo "2068"]
[TimeControl "180+2"]
[EndTime "11:37:19 PDT"]
[Termination "Jahonas won by resignation"]

1. e4 c6 2. d4 d5 3. f3 e6 4. Nc3 Nf6 5. e5 Nfd7 6. f4 f5 7.
exf6 Nxf6 8. Nf3 Bd6 9. Bd3 O-O 10. O-O c5 11. dxc5 Bxc5+ 12. Kh1 Nc6 13. Ne5 Bd7 14. Qe2 Qe7 15. Bd2 Nb4 16. Rae1 Rae8 17. Nxd7 Nxd7 18. Bb5 a6 19. Ba4 b5 20. Bb3 Nb6 21. Qg4 Qf7 22.
Re2 Nc4 23. Bc1 Nc6 24. Bxc4 bxc4 25. Na4 Ba7 26. c3 e5 27. f5 e4 28. f6 Ne5 29. Qg3 Nd3 30. Bh6 Qg6 31. Qxg6 hxg6 32. Bxg7 Rf7 33. g4 e3 34. Kg2 Re4 35. h3 Nf4+ 36.
Rxf4 Rxf4 37. Bh6 R4xf6 38. Bxe3 Re6 39. Bxa7 Rxe2+ 0-1

[Event "*** Titled Tuesday 3|2 Blitz"]
[Site "Chess.com"]
[Date "2015.10.06"]
[Round "3"]
[White "gmjlh"]
[Black "AnthonyWirig"]
[Result "1-0"]
[WhiteElo "2626"]
[BlackElo "2537"]
[TimeControl "180+2"]
[EndTime "11:37:30 PDT"]
[Termination "gmjlh won by resignation"]

1. e4 e6 2. d4 d5 3. Nd2 g6 4. Ngf3 Bg7 5. c3 Nf6 6. Bd3 c6 7. O-O b6 8. Re1 O-O 9. e5 Nfd7 10. c4 Bb7 11. cxd5 cxd5 12. h4 Ba6 13. Bb1 Nc6 14. h5 Rc8 15. Nf1 Bxf1 16. Kxf1 Qc7 17. g3 Nb4 18. Bg5 Nc2 19. Bxc2 Qxc2 20. Qxc2 Rxc2 21. h6 Bh8 22. Rac1 Rfc8 23. Rxc2 Rxc2 24. Rc1 Rxc1+ 25. Bxc1 f6 26. exf6 Bxf6 27. Bf4 b5 28. g4 Kf7 29. g5 Be7 30. Bc7 a6 31. Kg2 Ke8 32. Kh3 Bb4 33. Nh2 Bd2 34. f4 Be3 35. Nf3 Ke7 36. Kg2 Bc1 37. b3 Ba3 38. Kf2 Bd6 39.
Bxd6+ Kxd6 40. Nh4 Nf8 41. Ke3 b4 42. Kd3 a5 43.
Kc2 Ke7 44. a3 Kf7 45. axb4 axb4 46. Nf3 Ke7 47. Ne5 Kd6 48. Nd3 e5 49. dxe5+ Kc6 50.
Nxb4+ Kc5 51. Nd3+ Kd4 52. b4 Kc4 53. Nc5 Kxb4 54.
e6 Kxc5 55. e7 1-0

[Event "*** Titled Tuesday 3|2 Blitz"]
[Site "Chess.com"]
[Date "2015.10.06"]
[Round "3"]
[White "Makalexa"]
[Black "enen0315"]
[Result "1-0"]
[WhiteElo "1966"]
[BlackElo "1898"]
[TimeControl "180+2"]
[EndTime "11:37:33 PDT"]
[Termination "Makalexa won by checkmate"]

1. e4 c5 2. Nf3 Nc6 3. Nc3 g6 4. d4 cxd4 5. Nxd4 Bg7 6. Be3 Nf6 7. Bc4 Qa5 8. f3 Qb4 9. Nxc6 Qxc4 10. Ne5 Qb4 11. Nd3 Qa5 12. O-O O-O 13. Qd2 d6 14.
Nd5 Qd8 15. Bh6 Nxd5 16. exd5 Bf5 17. Bxg7 Kxg7 18. Kh1 Qb6 19. b3 Qd4 20. Rfe1 Rfe8 21. Qg5 f6 22. Qe3 Qxd5 23. Rad1 Bxd3 24. Rxd3 Qc6 25.
c4 b5 26. cxb5 Qxb5 27. Rc3 Qb6 28. Qe6 a5 29. Rec1 Ra7 30. Rc8 Qb5 31. h3 Rxc8 32. Rxc8 Qd7 33. Rg8+ Kh6 34. Qf7 Rc7 35. h4 e6 36.
Qxf6 Qe7 37. Qf4+ Kh5 38. g4+ Kxh4 39. Kh2 e5 40. Qh6# 1-0

[Event "*** Titled Tuesday 3|2 Blitz"]
[Site "Chess.com"]
[Date "2015.10.06"]
[Round "3"]
[White "Imre91"]
[Black "1stSecond"]
[Result "1-0"]
[WhiteElo "2589"]
[BlackElo "2393"]
[TimeControl "180+2"]
[EndTime "11:37:34 PDT"]
[Termination "Imre91 won by resignation"]

1. d4 Nf6 2. Nf3 e6 3. g3 b5 4.
Bg2 Bb7 5. O-O Be7 6. Qd3 a6 7. Bg5 h6 8. Bxf6 Bxf6 9. a4 b4 10. Nbd2 O-O 11. c3 a5 12. Ng5 Bxg5 13. Bxb7 Ra7 14. Bg2 Bxd2 15. Qxd2 bxc3 16. bxc3 d5 17. Rab1 Nd7 18. e4 Nb6 19. Qc2 dxe4 20. Bxe4 Qd6 21. Rfd1 Rc8 22. c4 c5 23. d5 exd5 24. Bxd5 Nxd5 25. Rxd5 Qf6 26. Rb5 Qe7 27. Kg2 g6 28.
Qd3 Ra6 29. Rd7 Qf6 30. Qd5 Qe6 31. Qxe6 Rxe6 32. Rd5 Re2 33. Rbxc5 Rb8 34. Rb5 Rc8 35. c5 Rc2 36. Rxa5 Kg7 37. Rb5 Rc6 38. a5 Kf6 39. Rd3 Ra2 40. Rf3+ Ke6 41. Rb6 Kd5 42. Rd3+ Kc4 43.
Rxc6 Kxd3 44. Rd6+ Ke4 45. a6 Ke5 46. h4 h5 47. Kh3 f6 48. f4+ Kf5 49. c6 g5 50.
hxg5 fxg5 51. fxg5 Ke5 52. c7 Rc2 53. a7 1-0

[Event "*** Titled Tuesday 3|2 Blitz"]
[Site "Chess.com"]
[Date "2015.10.06"]
[Round "3"]
[White "Po6Don"]
[Black "JustKid"]
[Result "0-1"]
[WhiteElo "1997"]
[BlackElo "2114"]
[TimeControl "180+2"]
[EndTime "11:37:37 PDT"]
[Termination "JustKid won by checkmate"]

1. e4 d6 2. d4 Nf6 3. Nc3 g6 4. Bg5 Bg7 5. f4 O-O 6. Qd2 d5 7. e5 Ne4 8. Nxe4 dxe4 9. O-O-O c6 10. Ne2 f6 11. Bh4 Be6 12. Ng3 f5 13. c4 Qc7 14.
Be2 Nd7 15. Nf1 Nb6 16. Ne3 Rfd8 17. h3 Bh6 18. Rhf1 Rd7 19. g4 fxg4 20. hxg4 Rf8 21.
Bg3 Rfd8 22. Qc3 Na4 23. Qb4 b5 24. f5 Bxe3+ 25. Kb1 Rxd4 26. Rxd4 Bxd4 27. fxe6 Nxb2 28. Rf7 c5 29. Qd2 e3 30. Qe1 Qc6 31. Bf3 Qxe6 32. Rf8+ Kxf8 33. Bd5 Rxd5 34. Qf1+ Kg7 35. cxd5 Qxd5 36.
Bh4 Qe4+ 37. Kc1 Nd3+ 38. Kd1 Nb2+ 39. Ke1 Qb1+ 40. Ke2 Qd3+ 41. Ke1 Bc3# 0-1

[Event "*** Titled Tuesday 3|2 Blitz"]
[Site "Chess.com"]
[Date "2015.10.06"]
[Round "3"]
[White "Arashy_CC"]
[Black "ItalianMachine"]
[Result "1-0"]
[WhiteElo "2373"]
[BlackElo "2201"]
[TimeControl "180+2"]
[EndTime "11:37:44 PDT"]
[Termination "Arashy_CC won by checkmate"]

1. c4 Nf6 2. Nc3 g6 3. e4 Bg7 4. d4 d6 5. Bg5 O-O 6. Qd2 Re8 7. Nf3 c6 8. Be2 Qc7 9. O-O e5 10. dxe5 dxe5 11. Rfd1 Na6 12. Qd6 Qxd6 13. Rxd6 Nh5 14. Rad1 f6 15. Be3 Bg4 16. a3 Bf8 17. R6d2 Nc5 18. h3 Bxf3 19. Bxf3 Nf4 20. b4 Nce6 21. Rd7 Nd8 22. Bxf4 exf4 23. Rc7 a5 24. c5 axb4 25.
axb4 Ra3 26. Ne2 Rb3 27. Rc8 Be7 28. Bg4 Kf7 29. Rd4 h5 30. Bd7 Rf8 31. Nxf4 Rb1+ 32. Kh2 Rb2 33. f3 h4 34. Bg4 f5 35. exf5 Bf6 36. Rd7+ Ke8 37. fxg6 Rxb4 38. g7 Rg8 39. Rcc7 Rxf4 40. Bh5+ Nf7 41. Bxf7# 1-0

[Event "*** Titled Tuesday 3|2 Blitz"]
[Site "Chess.com"]
[Date "2015.10.06"]
[Round "3"]
[White "GGuseinov"]
[Black "kikydu96"]
[Result "1-0"]
[WhiteElo "2491"]
[BlackElo "2273"]
[TimeControl "180+2"]
[EndTime "11:37:45 PDT"]
[Termination "GGuseinov won by resignation"]

1. e4 e5 2. Nf3 Nc6 3. Bb5 a6 4.
Bxc6 dxc6 5. O-O f6 6. d4 exd4 7. Nxd4 c5 8. Nb3 Qxd1 9. Rxd1 Bg4 10. f3 Bd7 11. Bf4 O-O-O 12. Nc3 c4 13. Na5 Bc5+ 14.
Kh1 b5 15. a4 Ne7 16. axb5 axb5 17. b3 Bb4 18. Ne2 Be6 19. Rdb1 c3 20. Be3 Rd6 21. Nd4 Bd7 22. Nc4 bxc4 23. Ra8+ Kb7 24. Rxh8 c5 25. bxc4 Kc7 26. Nb3 Ba4 27. h4 h6 28. Bf4 Ng6 29. Bxd6+ Kxd6 30. Rd8+ Ke7 31. Ra8 Bc6 32. Ra7+ Ke6 33.
Ra6 Kd7 34. Rd1+ Kc7 35. Ra7+ Kb6 36. Rxg7 Nxh4 37. Rd6 f5 38. Rxh6 fxe4 39. fxe4 Ba3 40. Rxh4 Bc1 41. Rg6 Bh6 42. Rhxh6 1-0

[Event "*** Titled Tuesday 3|2 Blitz"]
[Site "Chess.com"]
[Date "2015.10.06"]
[Round "3"]
[White "stefanodinn"]
[Black "StellarChessPro"]
[Result "0-1"]
[WhiteElo "2111"]
[BlackElo "2231"]
[TimeControl "180+2"]
[EndTime "11:37:45 PDT"]
[Termination "StellarChessPro won on time"]

1. e4 c6 2. d4 d5 3. Nd2 dxe4 4. Nxe4 Bf5 5. Ng3 Bg6 6. h4 h6 7. Nf3 Nd7 8. h5 Bh7 9. Bd3 Bxd3 10. Qxd3 e6 11.
Bd2 Ngf6 12. O-O-O Qc7 13. Ne4 Nxe4 14. Qxe4 O-O-O 15. Bf4 Bd6 16. Bxd6 Qxd6 17. Qg4 Rhg8 18. Qe4 Kb8 19. Kb1 a6 20. c4 Ka7 21. Qe3 Ka8 22.
g4 Rge8 23. Rd3 Qc7 24. Rhd1 Nf6 25. Ne5 Re7 26. f4 Nd7 27. Qd2 Kb8 28. Qc3 Ka8 29. Qd2 Kb8 30. Qe3 Ka8 31. Qf3 Kb8 32. g5 hxg5 33.
Nxd7+ Rexd7 34. fxg5 e5 35. d5 cxd5 36. cxd5 Qd6 37.
Qe4 Rh8 38. Rh1 Re7 39. Rf3 Rd7 40. Rd3 Ka8 41. a3 f6 42. Qf5 fxg5 43. Qxg5 Qf6 44.
Qxf6 gxf6 45. Rf3 Rdh7 46. Rxf6 Rxh5 47. Rxh5 Rxh5 48. Kc2 Kb8 49. Rf7 Kc8 50. Kc3 Rh2 51.
Re7 Rh3+ 52. Kc4 Rh2 53. b4 Re2 54. d6 e4 55. Kd5 e3 56. Ke6 Kb8 57. Re8+ Ka7 58.
d7 Rd2 59. d8=Q Rxd8 60. Rxd8 e2 0-1

[Event "*** Titled Tuesday 3|2 Blitz"]
[Site "Chess.com"]
[Date "2015.10.06"]
[Round "3"]
[White "kleinebeer98"]
[Black "jcibarra"]
[Result "1-0"]
[WhiteElo "2308"]
[BlackElo "2497"]
[TimeControl "180+2"]
[EndTime "11:37:46 PDT"]
[Termination "kleinebeer98 won by resignation"]

1. e4 c5 2. Nf3 e6 3. d4 cxd4 4. Nxd4 Qb6 5. Nb3 Qc7 6. Nc3 a6 7. Be3 b5 8. Bd3 Bb7 9. O-O Nf6 10. a3 h5 11. h3 d6 12. f4 Nbd7 13. Qe2 Be7 14. Rae1 h4 15. Qd2 Nh5 16. Ne2 Ndf6 17. e5 dxe5 18. fxe5 Qxe5 19. Nf4 Ng3 20. Rf2 Qc7 21.
Nxe6 fxe6 22. Bg6+ Kf8 23. Nd4 Bd5 24. Bf4 Qb6 25.
Rxe6 Bxe6 26. Bc7 Qb7 27. Nxe6+ Kg8 28. Qg5 Qd5 29. Bf7+ Kxf7 30. Qxd5 Ne4 31. Qxe4 Rac8 32. Ng5+ Ke8 33. Qg6+ Kd7 34. Bf4 Rc6 35. Nf7 Rf8 36. Ne5+ Kc7 37. Nxc6+ Kxc6 38. Qxg7 Bc5 39. Be3 Bxe3 40.
Qxf8 Ne4 41. Qa8+ 1-0

[Event "*** Titled Tuesday 3|2 Blitz"]
[Site "Chess.com"]
[Date "2015.10.06"]
[Round "3"]
[White "ChessTrener"]
[Black "LADIESGET2KNOWME"]
[Result "1-0"]
[WhiteElo "2484"]
[BlackElo "2255"]
[TimeControl "180+2"]
[EndTime "11:37:52 PDT"]
[Termination "ChessTrener won on time"]

1. e4 e6 2. d4 d5 3. Nc3 Nf6 4. Bg5 Be7 5. e5 Nfd7 6. Bxe7 Qxe7 7. Qd2 a6 8. Nd1 c5 9. c3 Nc6 10. f4 O-O 11. Nf3 f6 12. Nf2 cxd4 13. cxd4 Nb6 14.
Rc1 Bd7 15. Be2 Be8 16. exf6 Qxf6 17. g3 Bh5 18. Ne5 Bxe2 19. Kxe2 Rad8 20. b3 Nxe5 21.
dxe5 Qe7 22. Qd4 Na8 23. Rc2 Nc7 24. a4 a5 25. Rhc1 Na6 26. Nd3 g5 27. Qe3 gxf4 28.
gxf4 Kh8 29. Rg1 Rg8 30. Rg3 Qh4 31. Qf2 Qh5+ 32. Kd2 d4 33. Rc4 Nb4 34. Nxb4 axb4 35. Rxb4 d3 36. Rxg8+ Kxg8 37. Rxb7 Kh8 38. a5 Qh6 39. a6 Rf8 40. Kxd3 Rxf4 41. Rb8+ Kg7 42. Qg3+ 1-0

[Event "*** Titled Tuesday 3|2 Blitz"]
[Site "Chess.com"]
[Date "2015.10.06"]
[Round "3"]
[White "AlexanderL"]
[Black "Dlugy"]
[Result "1/2-1/2"]
[WhiteElo "2552"]
[BlackElo "2557"]
[TimeControl "180+2"]
[EndTime "11:37:54 PDT"]
[Termination "Game drawn by agreement"]

1. Nf3 Nf6 2. c4 g6 3. d4 Bg7 4. Nc3 d6 5. e4 O-O 6. Be2 e5 7. O-O exd4 8. Nxd4 Re8 9. f3 c6 10. Bf4 Nh5 11. Be3 f5 12. Qd2 f4 13. Bf2 Be5 14.
Rfd1 Na6 15. Nb3 Qf6 16. c5 Nxc5 17. Nxc5 dxc5 18. Bxc5 Be6 19. Qe1 b6 20. Bf2 Rad8 21. Rxd8 Rxd8 22. Rd1 Ng7 23. Rxd8+ Qxd8 24. Qc1 Qd6 25. a3 Bb3 26. Nb1 Ne6 27. Nd2 Nd4 28. Bf1 Kg7 29. Nxb3 Nxb3 30. Qc2 Nd4 31. Qa4 a5 32. Qd1 b5 33. g3 g5 34. gxf4 gxf4 35. Kh1 a4 36. Bh3 Kf7 37. Bg4 Nf5 38. Qxd6 Nxd6 39. Bd7 Bxb2 40. Bxc6 Bxa3 41. e5 Nc4 42. Bxb5 Nxe5 43. Kg2 Be7 44. Bxa4 Ng6 45. Bc2 Nh4+ 46. Bxh4 Bxh4 47. Kh3 Bf2 48. Bxh7 Be3 49. Kg4 Kg7 50.
Bd3 Kh6 51. Kh4 Bc1 52. Kg4 Be3 53. h4 1/2-1/2

[Event "*** Titled Tuesday 3|2 Blitz"]
[Site "Chess.com"]
[Date "2015.10.06"]
[Round "3"]
[White "Tal-Baronfew"]
[Black "lorcho"]
[Result "1-0"]
[WhiteElo "2693"]
[BlackElo "2529"]
[TimeControl "180+2"]
[EndTime "11:37:55 PDT"]
[Termination "Tal-Baronfew won by resignation"]

1. e4 c6 2. d4 g6 3. Nc3 d5 4.
f3 Bg7 5. Be3 a6 6. Qd2 b5 7.
O-O-O b4 8. Na4 a5 9. Kb1 Nd7 10. h4 h5 11. Nh3 dxe4 12. fxe4 Ngf6 13. Ng5 O-O 14. Bc4 e6 15. Rdf1 Ba6 16. Bxa6 Rxa6 17. Rh3 e5 18. Rhf3 exd4 19. Qxd4 Qe7 20. Qc4 Raa8 21.
Bc5 Nxc5 22. Qxc5 Rae8 23. Qxe7 Rxe7 24. Rxf6 Bxf6 25. Rxf6 Rd8 26. Kc1 Red7 27. Rf1 Kg7 28. Nc5 Re7 29. Rxf7+ Rxf7 30. Nce6+ Kg8 31. Nxf7 Re8 32. Neg5 c5 33. Kd2 c4 34. e5 Kg7 35.
g3 a4 36. Ke3 b3 37. cxb3 cxb3 38. axb3 axb3 39. Kd3 Rc8 40. Nd6 Rc2 41. Nc4 Rg2 42.
e6 Rxg3+ 43. Kd4 Rg4+ 44. Kd5 Kf6 45. Ne5 Rxh4 46. Nh7+ Kg7 47. e7 Kxh7 48. e8=Q 1-0

[Event "*** Titled Tuesday 3|2 Blitz"]
[Site "Chess.com"]
[Date "2015.10.06"]
[Round "3"]
[White "kesarev"]
[Black "gumersindo"]
[Result "1-0"]
[WhiteElo "2175"]
[BlackElo "2142"]
[TimeControl "180+2"]
[EndTime "11:37:57 PDT"]
[Termination "kesarev won on time"]

1. Nf3 Nf6 2. c4 c5 3. Nc3 Nc6 4. g3 g6 5. Bg2 Bg7 6. O-O O-O 7. d3 a6 8. Rb1 Rb8 9. a4 d6 10. Ne1 Nb4 11. Nc2 Nxc2 12. Qxc2 Bd7 13. b4 b6 14. Bf4 a5 15. bxa5 bxa5 16. Nb5 Ne8 17. Bd2 Bxb5 18. axb5 Nc7 19. Bxa5 Qd7 20. Bc6 Qc8 21. Rb3 Ne6 22.
e3 Ng5 23. h4 Ne6 24. Rfb1 h5 25. Bd5 Nc7 26. Bf3 Ne6 27. Qc1 Be5 28. b6 Ng7 29. b7 Qd7 30. Bb6 Nf5 31. Kg2 Qe6 32. Bc7 Qf6 33. Bxb8 Rxb8 34. Ra3 g5 35. Ra8 d5 36. d4 cxd4 37. exd4 Nxd4 38. Qxg5+ Qxg5 39. hxg5 dxc4 40. Rxb8+ Bxb8 41. Rc1 Kg7 42. Rxc4 e5 43. Rc8 Bd6 44. Bxh5 Ne6 45. b8=Q Bxb8 46. Rxb8 Nxg5 47. Bg4 f6 48. Bf5 1-0

[Event "*** Titled Tuesday 3|2 Blitz"]
[Site "Chess.com"]
[Date "2015.10.06"]
[Round "3"]
[White "Mugzyyy"]
[Black "Canonkasparov"]
[Result "0-1"]
[WhiteElo "2530"]
[BlackElo "2376"]
[TimeControl "180+2"]
[EndTime "11:37:58 PDT"]
[Termination "Canonkasparov won by resignation"]

1. d4 d5 2. c4 c6 3. Nf3 Nf6 4. Nc3 dxc4 5. a4 Bf5 6. Ne5 Nbd7 7. Nxc4 Qc7 8. Qd2 e6 9. f3 Bb4 10. e4 Bg6 11. Qf4 Qxf4 12. Bxf4 Nb6 13. Nd6+ Bxd6 14. Bxd6 O-O-O 15. Bc5 Kb8 16. a5 Nc8 17. O-O-O Rhe8 18. Bc4 h5 19. h3 a6 20. g4 Rh8 21.
g5 Nd7 22. Ba3 Rhe8 23. f4 Na7 24. f5 exf5 25. exf5 Bxf5 26. Bxf7 Re3 27. h4 g6 28. Rhe1 Rh3 29. Be7 Rc8 30. Bd6+ Ka8 31. Re7 Nb5 32. Bb4 Rh2 33. Rd2 Rh1+ 34. Rd1 Rh2 35. Rde1 Nxd4 36.
Re8 Rc2+ 37. Kd1 Bg4+ 38. Ne2 Rxe8 39. Bxe8 Bxe2+ 40. Rxe2 Rxe2 41. Bxd7 Re4 42. Bc3 Nf3 43. Kc2 Rxh4 44. Bf6 Rh2+ 45. Kd3 Rg2 46. Be8 Nxg5 47.
Bxg6 h4 48. Bf5 h3 0-1

[Event "*** Titled Tuesday 3|2 Blitz"]
[Site "Chess.com"]
[Date "2015.10.06"]
[Round "3"]
[White "ruifeng"]
[Black "oggy1984"]
[Result "0-1"]
[WhiteElo "2108"]
[BlackElo "2391"]
[TimeControl "180+2"]
[EndTime "11:38:03 PDT"]
[Termination "oggy1984 won by resignation"]

1. e4 c6 2. d4 d5 3. Nd2 dxe4 4. Nxe4 Bf5 5. Ng3 Bg6 6. N1e2 Nd7 7. Nf4 e5 8. Nxg6 hxg6 9. Be3 Ngf6 10. Bc4 Qc7 11. Qe2 e4 12. O-O-O Bd6 13. Kb1 O-O 14. h4 b5 15. Bb3 a5 16. h5 a4 17. Bxf7+ Kxf7 18. hxg6+ Kxg6 19. Nh5 Rh8 20. g4 a3 21. b3 Nd5 22. Bd2 Rae8 23. f4 e3 24. f5+ Kf7 25.
Be1 N7f6 26. Rg1 Nf4 27. Nxf4 Bxf4 28. g5 Nd5 29. Rg2 Ke7 30. f6+ gxf6 31. gxf6+ Kd8 32.
Rg7 Qd6 33. f7 Ref8 34. Qg4 Qd7 35. Qg6 Kc8 36. Ba5 e2 37. Re1 Rh2 38. Ka1 Qd6 39.
Qg4+ Kb7 40. c4 Ne3 41. Qxf4 Qxf4 42. cxb5 Qxd4+ 0-1

[Event "*** Titled Tuesday 3|2 Blitz"]
[Site "Chess.com"]
[Date "2015.10.06"]
[Round "3"]
[White "MFBerna"]
[Black "talaicito"]
[Result "1-0"]
[WhiteElo "2079"]
[BlackElo "1965"]
[TimeControl "180+2"]
[EndTime "11:38:03 PDT"]
[Termination "MFBerna won on time"]

1. e4 e6 2. d4 d5 3. Nd2 Nf6 4. e5 Nfd7 5. Bd3 c5 6. c3 Nc6 7. Ne2 cxd4 8. cxd4 f6 9. exf6 Nxf6 10. Nf3 Qc7 11. Bf4 Bb4+ 12. Nd2 Qb6 13. a3 Be7 14. Nb3 O-O 15. O-O a5 16. Qc2 a4 17. Nc5 Nxd4 18.
Nxd4 Bxc5 19. Nf3 Bd7 20. Ne5 Bb5 21. Rae1 Rac8 22. Qd2 Bxd3 23. Nxd3 Ne4 24. Qe2 Bd4 25.
Kh1 Rce8 26. f3 e5 27. fxe4 exf4 28. e5 Qh6 29. Qf3 Rd8 30. e6 Rf5 31. e7 Re8 32. Nb4 Rh5 33. h3 Bxb2 34. Nxd5 Rf5 35. Nc7 Qg6 36.
Nxe8 Qxe8 37. Qxb7 Bxa3 38. Qe4 Rf7 39. Rxf4 Rxe7 40.
Qd5+ Kh8 41. Ref1 Re1 42. Qd3 1-0

[Event "*** Titled Tuesday 3|2 Blitz"]
[Site "Chess.com"]
[Date "2015.10.06"]
[Round "3"]
[White "AleksandrNevski"]
[Black "GregShahade"]
[Result "1-0"]
[WhiteElo "2430"]
[BlackElo "2294"]
[TimeControl "180+2"]
[EndTime "11:38:12 PDT"]
[Termination "AleksandrNevski won by resignation"]

1. c4 c5 2. g3 g6 3. Bg2 Bg7 4. Nc3 Nc6 5. d3 e6 6. Bxc6 bxc6 7. f4 d6 8. Nf3 Ne7 9. e4 O-O 10. O-O f5 11. Qe2 h6 12. e5 d5 13. Na4 Qa5 14. b3 Rd8 15. Ba3 Bf8 16. Bxc5 Ba6 17. Qe1 Qc7 18. Rd1 Kh7 19. Nd4 Bc8 20. Qb4 Rb8 21.
Bd6 Rxb4 22. Bxc7 Re8 23. Bd6 Rb7 24. Nc5 Rb6 25. Ndxe6 Kg8 26. Nxf8 Kxf8 27. a4 Kf7 28. a5 Rb4 29. e6+ Kg8 30. Rfe1 g5 31. Nd7 Rxb3 32. Nf6+ Kf8 33. Nxe8 Kxe8 34. Rb1 dxc4 35. dxc4 Rxb1 36.
Rxb1 Bxe6 37. Rb7 Nc8 38. c5 gxf4 39. gxf4 Bd7 40. Kf2 Be6 41. Kg3 Bd5 42. Kh4 a6 43. Kh5 Nxd6 44. cxd6 c5 45. Re7+ Kd8 46. Re5 Bf7+ 47. Kxh6 c4 48. Re7 Bd5 49. Rc7 Be6 50.
h4 Bd5 51. h5 Be6 52. Kg7 1-0

[Event "*** Titled Tuesday 3|2 Blitz"]
[Site "Chess.com"]
[Date "2015.10.06"]
[Round "3"]
[White "BIG_Pirate"]
[Black "Bab3s"]
[Result "1-0"]
[WhiteElo "2269"]
[BlackElo "2119"]
[TimeControl "180+2"]
[EndTime "11:38:19 PDT"]
[Termination "BIG_Pirate won on time"]

1. e4 e5 2. Nf3 Nc6 3. Bb5 a6 4. Ba4 Nf6 5. O-O b5 6. Bb3 Be7 7. Re1 d6 8. c3 O-O 9. h3 Na5 10. Bc2 c5 11. a4 Qc7 12. d4 cxd4 13. cxd4 Bd7 14. Nbd2 Nc6 15. Nf1 Nxd4 16. Nxd4 exd4 17. Bg5 Rac8 18. Rc1 Qb6 19. axb5 Bxb5 20. Ng3 h6 21. Nf5 Bd8 22. Nxh6+ gxh6 23. Bxh6 d3 24. Bb3 Rxc1 25. Qxc1 Nd7 26. Bxf8 Kxf8 27. Qh6+ Ke8 28. Qh8+ Ke7 29. Bd5 Nf6 30. Qh4 Kf8 31. Qh6+ Ke7 32. Qf4 Nxd5 33. exd5+ Kd7 34. Qxf7+ Kc8 35. h4 d2 36. Rd1 Qd4 37. Qe6+ Kc7 38. Qf7+ Kc8 39. Qf5+ Kb7 40. Qh7+ Bc7 41. Qh6 Ba5 42. Qxd6 Be2 43. Qe7+ Kb6 44. Qe6+ Kb7 45. Qe7+ Kb6 46. Qxe2 Qxd5 47. h5 Qg5 48. Qe3+ 1-0